 Dungeon Crawl Stone Soup version 0.29.1-1-gd02db6906a (webtiles) character file.

Game seed: 15195922495305810366

17689 LabCoat the Fighter (level 12, -6/112 HPs)
             Began as a Hill Orc Fighter on Oct 8, 2022.
             Was a Priest of Trog.
             Mangled by a hell hog (11 damage)
             ... on level 2 of the Abyss.
             The game lasted 00:46:34 (12056 turns).

LabCoat the Fighter (Hill Orc Fighter)             Turns: 12056, Time: 00:46:34

Health: -6/112     AC: 24    Str: 24    XL:     12   Next: 50%
Magic:  12/12      EV:  8    Int:  8    God:    Trog [***...]
Gold:   2185       SH:  5    Dex: 10    Spells: 11/11 levels left

rFire   + . .      SeeInvis .   a - +1 war axe
rCold   x . .      Faith    .   c - +0 buckler
rNeg    . . .      Spirit   .   z - +0 plate armour
rPois   .          Reflect  .   d - +1 helmet
rElec   .          Harm     .   (no cloak)
rCorr   +          Rampage  .   I - +0 pair of gloves of Minor Irritation {rCorr}
Will    .....                   C - +2 pair of boots
Stlth   ..........              (no amulet)
HPRegen 0.28/turn               m - +4 ring of protection
MPRegen 0.13/turn               E - ring of fire

@: on berserk cooldown, slowed, very slow
A: no striking features
a: Renounce Religion, Berserk, Trog's Hand


You were on level 2 of the Abyss.
You worshipped Trog.
Trog was most pleased with you.
You visited 3 branches of the dungeon, and saw 13 of its levels.
You visited the Abyss 2 times.
You also visited: Ossuary and Volcano.

You collected 2185 gold pieces.

Inventory:

Hand Weapons
 a - a +1 war axe (weapon)
 w - a +0 morningstar
Missiles
 x - 37 poisoned darts
 y - 2 curare-tipped darts
 G - 9 boomerangs (quivered)
 L - 2 throwing nets
Armour
 b - a +0 pair of gloves
 c - a +0 buckler (worn)
 d - a +1 helmet (worn)
 u - the +2 ring mail "Cutar" {Str+4 Dex+6}
   (You found it on level 3 of the Dungeon)

   Str:       It affects your strength (+4).
   Dex:       It affects your dexterity (+6).
 z - a +0 plate armour (worn)
 C - a +2 pair of boots (worn)
 I - the +0 pair of gloves of Minor Irritation (worn) {rCorr}
   (You found it on level 9 of the Dungeon)

   rCorr:     It protects you from acid and corrosion.
 M - a +1 chain mail of poison resistance
Jewellery
 m - a +4 ring of protection (left hand)
 n - a +4 ring of evasion
 E - a ring of fire (right hand)
 F - a ring of flight
Wands
 h - a wand of paralysis (10)
 s - a wand of mindburst (14)
Scrolls
 e - a scroll of torment {unknown}
 f - a scroll of fear
 i - 8 scrolls of fog
 k - 4 scrolls of amnesia
 o - 9 scrolls of teleportation
 r - 5 scrolls of enchant weapon
 t - a scroll of vulnerability {unknown}
 A - 2 scrolls of acquirement
 B - a scroll of blinking
 J - 2 scrolls of poison
Potions
 g - a potion of ambrosia {unknown}
 j - 5 potions of flight
 l - 7 potions of curing
 q - 5 potions of lignification
 v - 2 potions of cancellation
 H - a potion of resistance
 K - 3 potions of might
Miscellaneous
 D - a condenser vane (inert)


   Skills:
 * Level 12.1 Fighting
 + Level 11.4 Axes
 + Level 6.0 Throwing
 + Level 8.2 Armour
 * Level 6.6 Dodging
 + Level 8.2 Shields
 + Level 6.6 Evocations


You had 11 spell levels left.
You didn't know any spells.
Your spell library contained the following spells:

 Spells                   Type           Power      Damage    Failure   Level
 Magic Dart               Conj           0%         1d3       100%        1
 Blink                    Tloc           0%         N/A       100%        2
 Ensorcelled Hibernation  Hex/Ice        0%         N/A       100%        2
 Passwall                 Tmut/Erth      0%         N/A       100%        2
 Searing Ray              Conj           0%         2d4       100%        2
 Sublimation of Blood     Necr           0%         N/A       100%        2
 Call Canine Familiar     Summ           0%         N/A       100%        3
 Gell's Gravitas          Tloc           0%         N/A       100%        3
 Lesser Beckoning         Tloc           0%         N/A       100%        3
 Portal Projectile        Hex/Tloc       0%         N/A       100%        3
 Stone Arrow              Conj/Erth      0%         3d7       100%        3
 Swiftness                Air            0%         N/A       100%        3
 Teleport Other           Tloc           0%         N/A       100%        3
 Fulminant Prism          Conj/Hex       0%         3d6       100%        4
 Leda's Liquefaction      Hex/Erth       0%         N/A       100%        4
 Petrify                  Tmut/Erth      0%         N/A       100%        4
 Irradiate                Conj/Tmut      0%         3d11      100%        5
 Iskenderun's Battlesphe  Conj           0%         2d6       100%        5
 Lee's Rapid Deconstruct  Erth           0%         3d5*      100%        5
 Manifold Assault         Tloc           0%         N/A       100%        5
 Starburst                Conj/Fire      0%         6d3       100%        6
 Statue Form              Tmut/Erth      0%         N/A       100%        6


Dungeon Overview and Level Annotations

Branches:
Dungeon (10/15)            Temple (1/1) D:6            Lair (2/5) D:10
 Shoals (0/4) Lair:2      Ossuary (visited)         Volcano (visited)
  Snake: Lair:2-3    Spider: Lair:2-3       Orc: D:9-12

Altars:
Ashenzari
Cheibriados
Dithmenos
Elyvilon
Fedhas
Gozag
Hepliaklqana
Kikubaaqudgha
Makhleb
Nemelex Xobeh
Okawaru
Qazlal
Ru
Sif Muna
Trog
Uskayaw
Vehumet
Wu Jian
Xom
Yredelemnul
Zin
The Shining One

Shops:
D:3 (!   D:7 *   D:10 :

Annotations:
D:4 3 runed translucent doors, rubinsalamander's ghost, amateur GnWr


Message History

Trog accepts your kill. The large abomination hits you!!
* * * LOW HITPOINT WARNING * * *
You hit the large abomination but do no damage.
The large abomination is almost destroyed.
The large abomination hits you!
* * * LOW HITPOINT WARNING * * *
You slash the large abomination!
You destroy the large abomination!
Trog accepts your kill.
You feel a strong urge to attack something.
You are no longer berserk.
You are exhausted.
You feel yourself slow down.
You feel better.
You feel the effects of Trog's Hand fading.
A tentacled starspawn comes into view.
A tentacle flies out from the starspawn's body!
A starspawn tentacle comes into view.
Your skin stops crawling.
You feel less strong-willed.
Tentacles burst from the starspawn's body! 2 starspawn tentacles come into view.
Tentacles burst from the starspawn's body! 2 starspawn tentacles come into view.
Tentacles burst from the starspawn's body! 2 starspawn tentacles come into view.
A hell hog comes into view.
The hell hog squeals angrily.
A flying skull comes into view.
You block the starspawn tentacle's attack.
The hell hog breathes fire at you.
The fireball explodes!
The fireball engulfs you! You resist.
* * * LOW HITPOINT WARNING * * *
The fireball engulfs the hell hog.
The hell hog completely resists.
The hell hog bites you!
* * * LOW HITPOINT WARNING * * *
You hear a chilling moan.
You hear a bark!
Tentacles burst from the starspawn's body!
The hell hog bites you!
You die...

#### ## .#. .. #..
#.#. ## ##..#... ..#
#...z## . ..#
#.#h####.... #######
##..@...# ###.....#
###...#..##
w...w....##.....###..#
w. #.#w...Xw#.#..#.
.... .
..#....w###...#. ...
###.##...# ..##.... ##
. #.........#..#.
#..#...#..#...#.
#.....#......>#.


You could see a tentacled starspawn, a hell hog (catching breath), 2 starspawn
tentacles and a flying skull.

Vanquished Creatures
  Harold (D:10)
  Fannar (D:10)
  A catoblepas (Lair:1)
  Erica (D:8)
  2 two-headed ogres
  Lodul (D:10)
  3 wizards (Volcano)
  2 large abominations (Abyss:2)
  An ugly thing (D:10)
  A black mamba (Lair:1)
  A toenail golem (Volcano)
  A cane toad (Lair:1)
  Psyche (D:8)
  A komodo dragon (Lair:1)
  A troll (D:9)
  3 blink frogs (Lair:1)
  4 slime creatures (D:9)
  Prince Ribbit (D:7)
  A wraith (D:9)
  6 yaks (Lair:1)
  2 vampires (D:10)
  5 wyverns
  A basilisk (Lair:1)
  2 wargs (D:10)
  2 acid dragons (D:10)
  3 water moccasins
  A sky beast (D:7)
  An ice beast (D:6)
  2 orc warriors (D:10)
  10 ogres
  3 wolves (Lair:1)
  4 centaurs
  3 phantoms
  An elf zombie (Ossuary)
  A small abomination (Abyss:2)
  2 kobold brigands
  2 gnoll sergeants
  4 scorpions
  4 bullfrogs
  3 necrophages
  An earth elemental (Abyss:2)
  14 wights
  4 killer bees (D:8)
  A howler monkey (D:7)
  2 lava snakes (D:10)
  A crimson imp (Abyss:2)
  2 hounds (D:6)
  5 orc priests
  2 gnoll boudas
  2 jellies
  5 orc wizards
  A hound zombie (Ossuary)
  4 mummies (Ossuary)
  7 adders
  13 gnolls
  A shadow imp (D:8)
  A white imp (D:8)
  2 ufetubi (D:6)
  3 worms (D:2)
  4 dart slugs
  32 orcs
  5 endoplasms
  A giant cockroach (D:2)
  4 gnoll zombies (Ossuary)
  7 goblins
  6 hobgoblins
  4 jackals (D:2)
  5 quokkas
  9 ball pythons
  8 bats
  2 frilled lizards
  A hobgoblin zombie (Ossuary)
  13 kobolds
  2 kobold zombies (Ossuary)
  6 rats
  3 rat zombies (Ossuary)
273 creatures vanquished.

Vanquished Creatures (others)
  A fungus (D:4)
  5 plants
  8 starspawn tentacles (Abyss:2)
14 creatures vanquished.

Grand Total: 287 creatures vanquished

Notes
Turn   | Place    | Note
-------+----------+-------------------------------------------
     0 | D:1      | LabCoat the Hill Orc Fighter began the quest for the Orb.
     0 | D:1      | Reached XP level 1. HP: 19/19 MP: 1/1
   194 | D:1      | Found a faded altar of an unknown god.
   211 | D:1      | Reached XP level 2. HP: 25/27 MP: 2/2
   351 | D:1      | Identified a scroll of acquirement
   351 | D:1      | Acquired 1062 gold pieces
   551 | D:1      | Reached XP level 3. HP: 33/33 MP: 3/3
   610 | D:1      | Reached skill level 4 in Fighting
  1327 | D:2      | Reached XP level 4. HP: 40/40 MP: 4/4
  1832 | D:2      | Reached skill level 1 in Throwing
  1932 | D:2      | Reached skill level 1 in Evocations
  2277 | D:3      | Identified the +2 ring mail "Cutar" {Str+4 Dex+6}
  2364 | D:3      | Reached XP level 5. HP: 45/47 MP: 5/5
  2427 | D:3      | Found Iwepn's Distillery.
  2548 | D:3      | Got the Parchment of Conjuration
  2566 | D:3      | Found Yqyoth's Antique Weapon Shop.
  2720 | D:4      | Found a broken altar of Ashenzari.
  2925 | D:4      | Noticed an ogre
  2929 | D:4      | Killed an ogre
  2930 | D:4      | Reached skill level 1 in Dodging
  2986 | D:4      | Reached skill level 5 in Fighting
  2986 | D:4      | Reached XP level 6. HP: 51/56 MP: 6/6
  3104 | D:4      | Reached skill level 5 in Axes
  3104 | D:4      | Reached XP level 7. HP: 53/61 MP: 7/7
  3510 | D:4      | Found a runed translucent gate.
  3511 | D:4      | Found a runed translucent gate.
  3512 | D:4      | Found a runed translucent gate.
  3515 | D:4      | Noticed rubinsalamander's ghost (amateur GnWr)
  3939 | D:5      | Entered Level 5 of the Dungeon
  3962 | D:5      | Found a sand-covered staircase.
  3973 | Ossuary  | Entered an ossuary
  4300 | D:5      | Reached skill level 6 in Fighting
  4562 | D:6      | Reached XP level 8. HP: 70/70 MP: 8/8
  4886 | D:6      | Reached skill level 5 in Armour
  4886 | D:6      | Reached skill level 5 in Shields
  5249 | D:6      | Reached skill level 7 in Fighting
  5533 | D:6      | Found a staircase to the Ecumenical Temple.
  5552 | Temple   | Entered the Ecumenical Temple
  5667 | Temple   | Became a worshipper of Trog the Wrathful
  5777 | D:6      | Reached XP level 9. HP: 68/79 MP: 9/9
  6087 | D:7      | You fall into a shaft and drop 2 floors!
  6148 | D:9      | Identified the +0 pair of gloves of Minor Irritation
                  | {rCorr}
  6459 | D:8      | Reached skill level 8 in Fighting
  6615 | D:7      | Found Sigumpeq's Assorted Antiques.
  6778 | D:7      | Reached * piety under Trog
  6798 | D:7      | Noticed Prince Ribbit
  6804 | D:7      | Killed Prince Ribbit
  7109 | D:8      | Noticed Psyche
  7125 | D:8      | Killed Psyche
  7126 | D:8      | Reached XP level 10. HP: 61/90 MP: 10/10
  7287 | D:8      | Reached skill level 9 in Fighting
  7504 | D:8      | Noticed Erica
  7529 | D:8      | Killed Erica
  7700 | D:8      | Noticed a two-headed ogre
  7712 | D:8      | Killed a two-headed ogre
  8062 | D:9      | Found a sparkling altar of Nemelex Xobeh.
  8295 | D:9      | Reached ** piety under Trog
  8354 | D:9      | Reached skill level 10 in Axes
  8354 | D:9      | Reached skill level 5 in Evocations
  8519 | D:9      | Found a white marble altar of Elyvilon.
  8607 | D:9      | Reached skill level 10 in Fighting
  8617 | D:9      | Reached XP level 11. HP: 99/99 MP: 11/11
  8826 | D:9      | Noticed a two-headed ogre
  8831 | D:9      | Killed a two-headed ogre
  8871 | D:9      | Found a blossoming altar of Fedhas.
  9049 | D:10     | Entered Level 10 of the Dungeon
  9049 | D:10     | Noticed Harold
  9071 | D:10     | Killed Harold
  9072 | D:10     | Reached skill level 5 in Throwing
  9310 | D:10     | Noticed Lodul
  9315 | D:10     | Reached skill level 5 in Dodging
  9322 | D:10     | Killed Lodul
  9528 | D:10     | Noticed a red ugly thing
  9529 | D:10     | Found Hirghym's Book Shoppe.
  9633 | D:10     | Killed a red ugly thing
 10041 | D:10     | Noticed Fannar
 10051 | D:10     | Killed Fannar
 10052 | D:10     | Reached skill level 11 in Fighting
 10361 | D:10     | Found a staircase to the Lair.
 10561 | Lair:1   | Entered Level 1 of the Lair of Beasts
 10561 | Lair:1   | Noticed a catoblepas
 10585 | Lair:1   | Killed a catoblepas
 10869 | Lair:1   | Reached XP level 12. HP: 88/110 MP: 12/12
 11079 | Lair:1   | Reached *** piety under Trog
 11818 | Lair:2   | Found a dark tunnel.
 11825 | Volcano  | Entered a volcano
 11857 | Abyss:2  | Cast into level 2 of the Abyss (a wizard)
 11874 | Volcano  | Escaped the Abyss
 11936 | Volcano  | Reached skill level 12 in Fighting
 11938 | Abyss:2  | Cast into level 2 of the Abyss (a wizard)
 12037 | Abyss:2  | HP: 5/168 [large abomination (8)]
 12044 | Abyss:2  | Noticed a tentacled starspawn
 12054 | Abyss:2  | Noticed a hell hog
 12055 | Abyss:2  | HP: 5/112 [hell hog (10)]
 12056 | Abyss:2  | Mangled by a hell hog

Illustrated notes

Levels and vault maps discovered:
D:1:      dpeg_arrival_connections, layout_loops_cross, basic_ecumenical_altar,
          moated_statue
D:2:      minmay_razor_zed, layout_basic, nicolae_wormholes
D:3:      layout_basic, serial_shops, nicolae_shop_stone, shop, minivault_25
D:4:      layout_gridville, mainiacjoe_overflow_six_doors_small, serial_rivers,
          chequers_serial_rivers_large_a, chequers_serial_rivers_marsh,
          chequers_serial_rivers_room_b, chequers_serial_rivers_small_b,
          gammafunk_ghost_nasty_kobolds
D:5:      layout_rooms, nicolae_ossuary_entry_ruins
D:6:      layout_basic, minmay_temple_entry_wispy
D:7:      layout_rooms, serial_shops, shop, uniq_prince_ribbit1
D:8:      layout_loops_ring, uniq_psyche, uniq_erica
D:9:      layout_long_grid, kennysheep_mini_moat, mainiacjoe_overflow_big_doors
D:10:     layout_roguey, erik_lair_orcish_takeover, serial_shops,
          nicolae_inconvenience_store, uniq_lodul, uniq_harold, uniq_fannar
Temple:   regret_index_temple_chain_breaker
Lair:1:   layout_small_grid, lemuel_old_faithful, grunt_megastairs_4
Lair:2:   layout_long_grid, elwin_shoals_entry_rocks, enter_volcano_2,
          nicolae_lair_lakeside_cave
Abyss:2:  base: D:1, base: D:11, evilmike_abyss_exit_16,
          hangedman_abyss_stitches_cave
Volcano:  volcano_bunker

Skill      XL: |  1  2  3  4  5  6  7  8  9 10 11 12 |
---------------+-------------------------------------+-----
Axes           | 3 4 5 6 7 8 10 11 | 11.4
Fighting       | 4 5 6 7 8 10 11 12 | 12.1
Throwing       | 1 2 3 4 5 6 |  6.0
Evocations     | 1 2 3 4 5 6 |  6.6
Dodging        | 1 2 3 4 6 |  6.6
Armour         | 4 5 6 7 8 |  8.2
Shields        | 4 5 6 7 8 |  8.2

Action                   |  1- 3 |  4- 6 |  7- 9 | 10-12 || total
-------------------------+-------+-------+-------+-------++-------
Melee: War axe           |    90 |   117 |   333 |   417 ||   957
Throw: Dart              |    10 |    23 |    17 |     1 ||    51
       Boomerang         |       |       |    17 |    34 ||    51
Invok: Berserk           |       |       |     1 |     7 ||     8
       Trog's Hand       |       |       |       |     6 ||     6
Evoke: Wand              |       |     6 |     3 |    26 ||    35
       Condenser vane    |       |       |       |     1 ||     1
  Use: Scroll            |     7 |     4 |    14 |     6 ||    31
       Potion            |       |       |     6 |     7 ||    13
 Stab: Invisible         |       |       |     3 |     1 ||     4
       Paralysed         |       |       |       |    15 ||    15
Armor: Scale mail        |    50 |    37 |       |       ||    87
       Ring mail         |       |    22 |   104 |       ||   126
       Chain mail        |       |       |    73 |   175 ||   248
       Skin              |       |       |       |     4 ||     4
       Plate armour      |       |       |       |    33 ||    33
Dodge: Dodged            |    42 |    41 |   221 |   217 ||   521
Block: Buckler           |    20 |    25 |    89 |    88 ||   222
